Map: Green Acres

Players

ForceForce - Winner!

  • Race: Terran Terran
  • League: Silver
  • Spawn Location: 6:00

sexyKolya - Winner!

  • Race: Zerg Zerg
  • Spawn Location: 9:00

TommySteele - Winner!

  • Race: Terran Terran
  • Spawn Location: 7:00

Gamehunter

  • Race: Zerg Zerg
  • Spawn Location: 12:00

JONIlenon

  • Race: Terran Terran
  • Spawn Location: 3:00

edoxx

  • Race: Terran Terran
  • Spawn Location: 1:00

VOD

Have the link to the VOD?

Description

Time

  • Played on: Dec. 5, 2016, 4:51 p.m.
  • Length: 16:33
Show
View Real Time Build Order
Export as new Build Order

ForceForce Terran - Winner!

Build Orders:  

Get SALT Encoding   

  12  0:02  SCV  
  13  0:15  SCV  
  14  0:27  Supply Depot, SCV  
  15  0:37  Supply Depot  
  15  0:49  SCV  
  16  1:01  SCV  
  16  1:02  Barracks  
  17  1:12  Supply Depot  
  17  1:14  SCV  
  18  1:26  SCV  
  19  1:33  Barracks  
  19  1:41  SCV  
  20  1:49  Refinery  
  21  1:57  Engineering Bay  
  21  1:59  Orbital Command  
  20  2:02  Marine  
  21  2:20  Marine  
  22  2:31  SCV  
  22  2:33  Barracks  
  23  2:40  Marine  
  23  2:42  Marine  
  23  2:44  SCV  
  26  2:58  Marine  
  27  2:59  SCV  
  27  3:02  Missile Turret  
  28  3:11  SCV  
  29  3:12  Marine  
  29  3:15  Marine  
  31  3:22  Bunker  
  31  3:29  Marine  
  31  3:30  Marine, SCV  
  31  3:33  Marine  
  35  3:42  SCV  
  35  3:46  Marine  
  35  3:48  Marine  
  37  3:50  Supply Depot  
  37  3:51  Marine  
  39  3:57  Command Center  
  39  4:01  Refinery  
  39  4:12  Marine x3  
  42  4:23  SCV  
  43  4:30  Marine x3  
  46  4:35  SCV  
  47  5:08  Marine x3, SCV  
  51  5:20  SCV  
  52  5:26  Marine x2  
  54  5:32  SCV, Orbital Command  
  54  5:35  Marine  
  54  5:44  Marine x2, SCV  
  55  5:57  SCV  
  57  6:01  Marine  
  58  6:05  Factory, Barracks Tech Lab x2  
  58  6:07  Terran Infantry Weapons Level 1  
  57  6:22  Engineering Bay  
  57  6:26  Marine  
  57  6:27  Marine x2  
  60  6:46  Marine x2  
  62  6:56  Supply Depot  
  62  7:00  Supply Depot  
  62  7:02  Supply Depot  
  62  7:08  Factory Tech Lab  
  62  7:13  Terran Infantry Armor Level 1  
  62  7:14  Combat Shields  
  62  7:17  Marine x3  
  65  7:32  Missile Turret  
  65  7:33  SCV  
  65  7:34  SCV  
  66  7:45  SCV  
  60  8:09  Missile Turret  
  54  8:13  Siege Tank  
  54  8:15  Marine x2  
  54  8:16  Marine  
  60  8:26  Stimpack  
  60  8:33  Marine  
  61  8:39  Refinery  
  61  8:40  Barracks  
  61  8:45  Siege Tank  
  64  8:59  Marine x2  
  67  9:05  Barracks Reactor  
  66  9:14  Missile Turret  
  66  9:17  Siege Tank, Marine x2  
  71  9:25  SCV x2  
  71  9:28  Barracks  
  71  9:31  Marine  
  73  9:32  Refinery  
  73  9:34  Marine  
  73  9:35  Marine  
  73  9:36  Missile Turret  
  73  9:37  SCV  
  77  9:47  Supply Depot  
  77  9:49  Marine  
  77  9:51  Siege Tank, Armory  
  77  9:52  Marine x4  
  81  9:56  Missile Turret  
  85  10:07  Marine  
  85  10:10  Marine x2  
  85  10:11  Supply Depot, Marauder x2  
  92  10:16  Barracks  
  92  10:22  Starport  
  92  10:24  Marine  
  92  10:26  Supply Depot  
  92  10:28  Marine  
  93  10:32  Marine  
  93  10:33  Marauder x2  
  99  10:41  Terran Infantry Weapons Level 2  
  99  10:54  Supply Depot, Marauder  
  99  10:55  Missile Turret  
  101  10:58  Missile Turret  
  101  10:59  Starport  
  101  11:01  Hi-Sec Auto Tracking  
  101  11:02  Missile Turret x2  
  101  11:08  Medivac  
  103  11:13  Barracks Tech Lab  
  103  11:21  Missile Turret  
  103  11:48  Marine x2  
  103  11:49  Marauder x2, Marine  
  110  11:58  Terran Infantry Armor Level 2  
  110  12:06  Marine  
  111  12:11  Marauder  
  113  12:26  Command Center  
  64  13:27  Marine x4  
  64  13:28  Marine  
  66  13:45  Reaper, Marine x4  
  64  14:03  Marine x2  
  60  14:15  Marine x2  
  62  14:17  Marine  
  62  14:20  Marine  
  62  14:21  Marine  
  60  14:32  Medivac  
  60  14:33  Medivac, Marine x2  
  60  14:35  Marine, Siege Tank  
  70  14:38  Marine  
  70  14:39  Marine  
  72  14:51  Marauder x2  
  76  15:02  Medivac  
  81  15:07  Siege Tank  
  81  15:15  Marine  
  81  15:16  Marine x4  
  79  15:33  Marine  
  79  15:34  Marauder x2  
  84  15:39  Siege Tank  
  87  15:56  Marauder x2  
Show
View Real Time Build Order
Export as new Build Order

sexyKolya Zerg - Winner!

Build Orders: Pool First 

Get SALT Encoding   

  12  0:02  Drone  
  13  0:09  Drone  
  14  0:18  Overlord  
  14  0:38  Spawning Pool  
  14  0:42  Drone  
  14  0:43  Drone  
  14  0:44  Drone  
  16  1:00  Drone  
  17  1:05  Drone  
  18  1:17  Drone  
  19  1:21  Extractor  
  19  1:24  Queen  
  20  1:29  Drone  
  21  1:48  Zergling x2  
  21  1:51  Overlord  
  21  1:53  Hatchery  
  21  2:09  Queen  
  21  2:12  Zergling x4  
  25  2:24  Roach Warren  
  24  2:38  Drone x3  
  24  2:39  Drone x2  
  24  2:40  Extractor  
  28  2:47  Metabolic Boost  
  28  3:01  Zergling x4  
  30  3:06  Zergling x6  
  33  3:18  Lair  
  33  3:26  Drone x2  
  33  3:27  Drone  
  36  3:42  Overlord x2  
  35  4:32  Queen  
  35  4:33  Drone x3  
  40  4:42  Roach x6  
  52  4:51  Glial Reconstitution  
  52  5:25  Queen  
  49  5:41  Drone  
  49  5:42  Drone  
  51  5:49  Overlord  
  51  5:50  Overlord x3  
  51  6:35  Baneling Nest  
  51  6:38  Hydralisk Den  
  49  6:40  Drone x2  
  49  6:43  Drone x2  
  49  6:44  Drone x4  
  57  6:49  Extractor  
  57  6:50  Extractor  
  55  7:05  Tunneling Claws  
  55  7:09  Grooved Spines  
  55  7:15  Hydralisk  
  55  7:16  Hydralisk x3  
  55  7:20  Overlord  
  55  7:21  Overlord x2  
  63  7:36  Centrifical Hooks  
  61  7:48  Zergling x2  
  61  7:49  Zergling x14  
  67  7:56  Hatchery  
  45  8:20  Muscular Augments  
  45  8:35  Overlord  
  45  8:42  Baneling  
  45  8:43  Baneling x5  
  45  9:13  Drone  
  45  9:15  Queen  
  48  9:35  Nydus Network  
  47  9:40  Drone x3  
  47  9:42  Drone x3  
  53  9:58  Hydralisk x8  
  69  10:11  Drone  
  69  10:12  Drone x2  
  72  10:40  Drone  
  72  10:41  Drone x4  
  77  10:50  Overseer  
  77  11:02  Hydralisk  
  77  11:03  Hydralisk x11  
  77  11:04  Hydralisk  
  103  11:26  Nydus Canal  
  103  11:37  Drone x2, Extractor  
  103  11:38  Drone  
  103  11:39  Extractor  
  104  11:59  Roach x5  
  104  12:00  Roach x4  
  120  12:31  Burrow  
  59  13:08  Hydralisk  
  59  13:09  Hydralisk x11  
  81  13:49  Nydus Canal  
  73  14:23  Nydus Canal  
  73  14:29  Hatchery  
  72  14:58  Hatchery  
  45  15:22  Zergling x2  
  45  15:23  Zergling x32  
Show
View Real Time Build Order
Export as new Build Order

TommySteele Terran - Winner!

Build Orders:  

Get SALT Encoding   

  12  0:13  Supply Depot  
  12  0:20  Refinery  
  12  0:39  Barracks  
  12  0:48  Barracks  
  12  0:54  SCV  
  13  1:07  SCV  
  14  1:12  Refinery  
  14  1:23  SCV  
  15  1:28  Barracks Reactor  
  15  1:38  Barracks Reactor  
  15  1:42  SCV  
  16  1:54  SCV  
  17  2:04  Reaper  
  17  2:05  Reaper  
  19  2:16  Supply Depot  
  19  2:21  Reaper x2  
  21  2:29  SCV  
  22  2:37  Reaper  
  23  2:41  Engineering Bay  
  23  2:43  Reaper  
  24  2:55  Reaper x2  
  26  2:59  SCV  
  25  3:12  Reaper  
  26  3:24  Reaper  
  27  3:27  Reaper  
  27  3:31  Reaper  
  29  3:38  Missile Turret  
  29  3:51  Terran Infantry Weapons Level 1  
  29  3:55  SCV  
  30  4:12  Reaper  
  31  5:19  Orbital Command  
  31  5:29  Reaper  
  31  5:36  Reaper  
  31  7:05  Command Center  
  31  7:10  Factory  
  31  7:16  Barracks  
  31  7:23  Terran Infantry Armor Level 1  
  31  7:24  Engineering Bay  
  31  7:38  Supply Depot  
  31  7:39  Supply Depot x2  
  31  7:41  Supply Depot x2  
  31  7:42  Supply Depot  
  31  8:00  Reaper x4  
  35  8:09  Marine  
  36  8:27  Marine  
  36  8:32  Reaper, Marine x3  
  41  8:45  Marine  
  42  8:50  Marine x3  
  45  9:03  Marine  
  45  9:04  Marine  
  45  9:07  Marine x3  
  50  9:21  Marine  
  51  9:33  Armory  
  51  9:37  Starport, Widow Mine  
  53  9:41  Starport  
  53  9:46  Planetary Fortress  
  53  10:06  Widow Mine  
  54  10:34  Widow Mine  
  56  10:43  SCV  
  57  10:53  Medivac x2  
  57  10:55  SCV  
  62  11:03  Widow Mine  
  64  11:08  SCV  
  65  11:23  Medivac x2  
  70  11:32  Widow Mine  
  68  12:00  Widow Mine  
  70  12:29  Widow Mine  
  30  14:47  Reaper x5  
  35  15:19  Reaper x4  
Show
View Real Time Build Order
Export as new Build Order

Gamehunter Zerg 

Build Orders: 3 Hatch before Pool 

Get SALT Encoding   

  12  0:14  Drone x2  
  14  0:27  Extractor  
  13  0:31  Extractor  
  12  0:49  Drone x2  
  14  1:34  Hatchery  
  13  1:42  Hatchery  
  12  2:09  Drone x2  
  14  2:36  Evolution Chamber  
  13  2:43  Evolution Chamber  
  12  2:46  Drone x2  
  14  3:10  Zerg Melee Weapons Level 1  
  14  4:29  Spawning Pool  
  13  4:36  Spawning Pool  
  13  4:38  Drone x3  
    5:04  Drone, Zerg Missile Weapons Level 1  
    5:05  Drone  
  2  5:09  Drone  
  2  5:10  Drone x2  
  2  5:13  Drone x3  
  8  5:17  Metabolic Boost  
  8  5:45  Drone x2  
  8  5:46  Drone  
  11  6:07  Drone  
  12  6:11  Drone  
  13  6:36  Spore Crawler  
    6:58  Zerg Ground Armor Level 1  
    7:21  Drone x2  
Show
View Real Time Build Order
Export as new Build Order

JONIlenon Terran 

Build Orders: Command Center First (CC), MMM Bio 

Get SALT Encoding   

  12  0:25  SCV  
  13  0:35  Supply Depot  
  13  0:37  SCV  
  14  0:49  SCV  
  15  1:02  SCV  
  16  1:08  Command Center  
  16  1:14  SCV  
  17  1:26  SCV  
  18  1:38  SCV  
  19  1:40  Barracks  
  19  1:50  Barracks, SCV  
  20  2:00  Barracks  
  20  2:02  SCV  
  21  2:12  Supply Depot  
  21  2:14  SCV  
  22  2:17  Refinery  
  22  2:24  SCV  
  23  2:31  Refinery, Orbital Command  
  23  2:36  SCV  
  24  2:48  SCV  
  24  2:51  Engineering Bay  
  25  2:53  Marine  
  25  2:54  Marine x2  
  25  2:57  SCV  
  29  3:09  SCV  
  30  3:15  Factory  
  30  3:18  Supply Depot  
  30  3:19  SCV  
  31  3:21  SCV  
  31  3:27  Marine x3  
  32  3:31  SCV  
  32  3:33  SCV  
  37  3:43  SCV  
  37  3:44  Supply Depot, Marine  
  37  3:45  Marine x2  
  41  3:51  Missile Turret  
  41  3:58  Refinery, SCV  
  41  4:02  SCV  
  43  4:06  Barracks Tech Lab  
  43  4:07  Barracks Reactor x2  
  43  4:11  SCV  
  43  4:14  SCV  
  43  4:15  Starport  
  43  4:16  Factory Reactor  
  45  4:20  Supply Depot  
  45  4:26  SCV  
  45  4:28  SCV  
  46  4:33  Refinery  
  46  4:34  Stimpack  
  46  4:36  Marauder  
  48  4:38  SCV  
  48  4:40  SCV  
  48  4:43  Supply Depot  
  50  4:50  SCV  
  51  5:01  Marine x4  
  51  5:02  SCV  
  42  5:14  SCV  
  42  5:17  Starport Reactor  
  41  5:27  SCV  
  38  5:41  Marauder, Marine x2  
  38  5:42  Marine  
  43  5:43  Medivac  
  43  5:44  Medivac  
  46  6:16  Medivac x2  
  50  6:26  Factory Tech Lab  
  52  6:47  Marauder, Marine x2  
  52  6:48  Marine x2  
  52  6:54  Terran Infantry Weapons Level 1  
  56  6:57  Supply Depot  
  59  7:01  Siege Tank  
  59  7:05  Marine x4  
  65  7:08  Marauder  
  65  7:17  Medivac  
  65  7:19  Supply Depot  
  67  7:23  Marine x4  
  67  7:26  Barracks  
  73  7:30  Marauder  
  73  7:39  SCV  
  73  7:41  Marine x3  
  58  7:51  Marauder  
  55  8:15  Barracks Reactor  
  55  8:19  Marauder, Marine  
  57  8:20  Marine x3  
  61  8:31  SCV  
  62  8:37  Marine x2  
  62  8:38  Marine x2  
  62  8:41  Marauder  
  68  8:43  SCV  
  69  8:53  SCV  
  69  8:55  Marine x3, SCV  
  70  9:02  Marauder  
  76  9:05  SCV  
  76  9:07  SCV  
  78  9:17  SCV  
  78  9:24  Refinery  
  79  9:29  SCV  
  79  9:30  Marauder, Marine x2  
  79  9:31  Marine  
  85  9:34  Refinery  
  85  9:41  Supply Depot  
  85  9:45  Marine  
  85  9:51  Supply Depot  
  86  10:02  Marine  
  86  10:03  Marauder  
  89  10:19  Supply Depot, Terran Infantry Armor Level 1  
  89  10:24  Combat Shields, Marauder  
  91  10:34  Marine x3  
  91  10:35  Marine  
  95  10:41  Supply Depot, Siege Tank  
  98  10:45  Marauder  
  98  10:47  Missile Turret  
  100  11:07  Supply Depot, Marauder, Missile Turret  
  102  11:15  Marine  
  102  11:16  Marine x4  
  107  11:28  Marauder  
  107  11:29  Supply Depot, Missile Turret  
  109  11:33  Marine  
  109  11:34  Marine x5  
  115  11:43  Concussive Shells  
  115  11:50  Marauder  
  117  11:54  Missile Turret  
  117  11:56  Engineering Bay  
  117  12:11  Marauder  
  119  12:23  Armory  
  20  13:45  Marauder  
  20  13:46  Marine x5  
  20  13:47  Marine  
  28  13:51  Siege Tank  
  30  14:03  Marine  
  30  14:07  Marauder  
  33  14:28  Marauder  
  35  14:40  Medivac x2  
  35  14:44  Marine x5  
  35  14:45  Marine  
  45  14:49  Marauder  
  47  15:02  Marine  
  48  15:11  Marauder  
  26  15:32  Marauder  
Show
View Real Time Build Order
Export as new Build Order

edoxx Terran 

Build Orders: MMM Bio 

Get SALT Encoding   

  12  0:20  SCV  
  13  0:30  Supply Depot  
  13  0:32  SCV  
  14  0:37  Refinery  
  14  0:44  SCV  
  15  0:55  Barracks  
  15  0:56  SCV  
  16  1:06  Barracks  
  16  1:08  SCV  
  17  1:15  Refinery  
  17  1:21  SCV  
  18  1:33  SCV  
  19  1:42  Reaper  
  19  1:46  Supply Depot  
  19  1:47  SCV  
  22  1:54  Reaper  
  22  1:59  SCV  
  23  2:09  Supply Depot  
  23  2:11  SCV  
  23  2:15  Reaper  
  25  2:23  SCV  
  25  2:26  Reaper  
  27  2:31  Supply Depot  
  27  2:41  Orbital Command  
  27  2:47  Factory  
  27  2:50  Barracks Reactor  
  27  2:57  Supply Depot  
  27  3:01  Barracks Tech Lab  
  27  3:10  SCV  
  28  3:22  SCV  
  28  3:24  Stimpack  
  29  3:27  Marine x3  
  32  3:37  Starport  
  32  3:40  Factory Tech Lab  
  32  3:45  Marine x3  
  35  4:03  Marine x3  
  34  4:12  Siege Tank  
  37  4:29  Command Center  
  37  4:34  Starport Reactor  
  37  4:44  Engineering Bay, Siege Tank  
  40  4:52  Supply Depot  
  39  5:33  Marine x3  
  42  5:37  Medivac x2  
  46  5:51  Marine x3  
  49  6:07  Command Center  
  49  6:09  Marine x3  
  50  6:38  Siege Tank  
  53  6:40  Medivac x2  
  57  7:19  Command Center  
  57  7:23  Marine x3  
  60  7:31  SCV  
  61  7:41  Marine x2  
  63  7:45  Combat Shields  
  63  8:01  Marine  
  63  8:03  Marine  
  63  8:04  Marine  
  62  8:21  Marine  
  63  8:30  Marine x2  
  65  8:39  Marine  
  66  8:48  Marine x2  
  68  8:57  Marine  
  69  9:02  Planetary Fortress  
  69  9:05  Marine x2, SCV  
  72  9:15  Marine  
  73  9:17  Siege Tank, SCV  
  73  9:22  Refinery  
  77  9:26  Supply Depot  
  77  9:29  SCV  
  78  9:32  Barracks  
  78  9:34  Terran Infantry Weapons Level 1  
  78  9:48  SCV  
  78  9:50  Siege Tank  
  82  10:00  SCV  
  83  10:20  Barracks  
  83  10:22  Siege Tank  
  86  11:28  Terran Infantry Armor Level 1  
  86  11:53  Barracks Reactor x2  
  86  12:07  Marine x2  
  86  12:21  Marine  
  85  12:25  Marine x2  
  86  12:32  Marine x3  
  86  12:33  Marine  
  86  12:52  Marine x3  
  86  12:53  Marine  
  86  12:55  Marine x3  
  68  13:10  Marine x3  
  68  13:11  Marine  
  72  13:12  Marine x3  
  60  13:28  Marine x3  
  60  13:30  Marine x2  
  65  13:40  Siege Tank  
  68  13:43  Marine x2  
  68  13:45  Marine x3  
  68  13:48  Marine x2  
  60  14:01  Marine  
Tags
 
Add a new tag
Caveats
  • Supply blocks, unpowered buildings, or Contaminate may cause inaccurate times.
  • Supply counts are checked every 10 seconds.